 Dungeon Crawl Stone Soup version 0.17-a0-477-g451446c (webtiles) character file.

25 krae the Insei (level 3, -2/23 HPs)
             Began as an Octopode Transmuter on Apr 7, 2015.
             Slain by a worker ant (3 damage)
             ... on level 3 of the Dungeon.
             The game lasted 00:06:25 (834 turns).

krae the Insei (Octopode Transmuter)                 Turns: 834, Time: 00:06:25

Health: -2/23      AC:  2    Str:  7    XL:     3   Next: 4%
Magic:  2/6        EV: 12    Int: 22    God:
Gold:   42         SH:  0    Dex: 13    Spells: 2 memorised, 3 levels left

rFire  . . .     SeeInvis .     b - 10 arrows
rCold  . . .     Clarity  .     (no shield)
rNeg   . . .     SustAb   .     (helmet restricted)
rPois  .         Gourm    .     (no amulet)
rElec  .         Spirit   .     (no ring)
rCorr  .         Warding  .     (no ring)
rMut   .         Stasis   .     (no ring)
MR     .....                    (no ring)
Stlth  ++........               (no ring)
                                (no ring)
                                (no ring)
                                (no ring)

@: brilliant, lethally poisoned (-2 -> -9), very slightly contaminated, not
resistant to hostile enchantments, unstealthy
A: almost no armour, amphibious, 8 rings, constrict 8, rugged brown scales 1,
camouflage 1, clever 1, weak 1, gelatinous body 1
a: no special abilities


You were on level 3 of the Dungeon.
You were not hungry.

You visited 1 branch of the dungeon, and saw 4 of its levels.

You collected 42 gold pieces.


Innate Abilities, Weirdness & Mutations

You cannot wear most types of armour.
You are amphibious.
You can wear up to eight rings at the same time.
You can use your tentacles to constrict eight enemies at once.
Your skin changes colour to match your surroundings (Stealth).
Your rubbery body absorbs attacks (AC +1).
You are partially covered in rugged brown scales (AC +1, +3% HP).
Your mind is acute. (Int +2)
You are weak. (Str -2)


   Skills:
 - Level 1.0 Fighting
 + Level 2.0 Dodging
 + Level 4.1 Unarmed Combat
 + Level 2.0 Spellcasting
 - Level 2.0 Transmutations


You had 3 spell levels left.
You knew the following spells:

 Your Spells              Type           Power        Failure   Level  Hunger
z - Beastly Appendage     Trmt           ###...       1%          1    #......
Z - Sticks to Snakes      Trmt           ###.......   1%          2    ##.....

Inventory:

Missiles
 b - 10 arrows (in tentacle)
 i - 23 sling bullets
 m - 54 stones (quivered)
Scrolls
 e - a scroll of identify {@r1}
 f - a scroll of random uselessness
 j - a scroll of enchant armour {unknown}
Books
 d - a book of Changes
Comestibles
 a - a bread ration
 k - a slice of pizza
 l - a chunk of flesh

Dungeon Overview and Level Annotations

Branches:
Dungeon (4/15)
 Temple: D:4-7

Altars:
Qazlal

##############
#######.>†.........#
#...........######.#
#.###.#####.# #.# #.
#.# ###.######.#
#.###.###...........
#..)B..##.#.######.#
#.#x.÷....#.# ##.#
#...#..##..... .....
##.##..##.### #...
#.##.......# #..#
#.###..#.#.# #..#
#.# #......## #..#
#.# #..#.#..# #.##
..# #.......# #.#
#####.......# #.#


You could see a worker ant.


Message History

Read which item? (? for menu, Esc to quit)
Okay, then.
Drink which item? (? for menu, Esc to quit)
It was a potion of mutation.
You feel extremely strange.
You feel weaker.
Rugged brown scales grow over part of your body.
You feel clever. The worker ant bites you.
* * * LOW HITPOINT WARNING * * *
You are lethally poisoned!
The worker ant poisons you!
Drink which item? (? for menu, Esc to quit)
It was a potion of brilliance.
You feel clever all of a sudden.
* * * LOW HITPOINT WARNING * * *
You feel sick. The worker ant barely misses you.
Read which item? (? for menu, Esc to quit)
As you read the scroll labeled UCIFIF UPTUILA, it crumbles to dust.
It is a scroll of identify.
Identify which item? (\ to view known items) (? for menu, Esc to quit)
f - a scroll of random uselessness
* * * LOW HITPOINT WARNING * * *
You feel sick. The worker ant misses you.
Read which item? (? for menu, Esc to quit)
As you read the scroll labeled FYSORI GUILID, it crumbles to dust.
You hear a loud clanging noise!
It was a scroll of noise.
* * * LOW HITPOINT WARNING * * *
You feel sick. The worker ant bites you.
You die...

Action                   || total
-------------------------++-------
Melee: Unarmed           ||    50
 Cast: Beastly Appendage ||     8
       Sticks to Snakes  ||     2
  Use: Scroll            ||     2
       Potion            ||     2
 Stab: Sleeping          ||     3

Vault maps used:
D:1:      zelgadis_glass_arrival_small
D:2:      uniq_robin, uniq_sigmund, uniq_crazy_yiuf_cottage
D:3:      lemuel_doored_altar, minitemple, serial_glass, glass_columns_a,
          glass_columns_a, first_bread, grunt_qazlal_sundering, uniq_terence

Notes
Turn   | Place    | Note
--------------------------------------------------------------
     0 | D:1      | krae, the Octopode Transmuter, began the quest for the Orb.
     0 | D:1      | Reached XP level 1. HP: 13/13 MP: 3/3
   303 | D:1      | Reached XP level 2. HP: 18/18 MP: 3/5
   645 | D:3      | Found a stormy altar of Qazlal.
   653 | D:3      | Reached skill level 4 in Unarmed Combat
   705 | D:3      | Reached XP level 3. HP: 20/23 MP: 6/6
   794 | D:3      | Learned a level 2 spell: Sticks to Snakes
   831 | D:3      | Gained mutation: You are weak. (Str -2) [potion of mutation]
   831 | D:3      | Gained mutation: You are partially covered in rugged brown scales (AC +1, +3% HP). [potion of mutation]
   831 | D:3      | Gained mutation: Your mind is acute. (Int +2) [potion of mutation]
   833 | D:3      | HP: 2/23 [poisoned by a worker ant]
   834 | D:3      | Slain by a worker ant

Vanquished Creatures
  2 oozes
  4 goblins
  2 hobgoblins
  2 kobolds
  3 bats
  2 giant cockroaches
  4 giant newts
  4 rats (D:2)
23 creatures vanquished.
